 Dungeon Crawl Stone Soup version 0.27-a0-732-ga892ba84f6 (webtiles) character file.

Game seed: 7098637054751508903

39 Zeld the Insei (level 3, 0/28 HPs)
             Began as a Djinni Transmuter on Mar 23, 2021.
             Killed from afar by a white imp (12 damage)
             ... with a puff of frost
             ... on level 3 of the Dungeon.
             The game lasted 00:02:09 (2964 turns).

Zeld the Insei (Djinni Transmuter)                  Turns: 2964, Time: 00:02:10

Health: 0/28       AC:  2    Str: 10    XL:     3   Next: 47%
Magic:  0/0        EV: 12    Int: 14    God:
Gold:   140        SH:  0    Dex: 13    Spells: 0/6 levels left

rFire    + + .     SeeInvis .     - Unarmed
rCold    x . .     Faith    .   (no shield)
rNeg     . . .     Spirit   .   a - +0 robe
rPois    ∞         Reflect  .   (helmet currently unavailable)
rElec    .         Harm     .   (no cloak)
rCorr    .         Rampage  .   (no gloves)
Will     .....                  (boots unavailable)
Stlth    +.........             (no amulet)
HPRegen  0.09/turn              (no ring)
MPRegen  0.00/turn              (no ring)

@: appendages (expiring), flying
A: horns 2, flying, fire resistance 2, cold vulnerability 1, float, innate
caster, hp casting, extra vitality 1
a: End Transformation


You were on level 3 of the Dungeon.
You had temporarily grown beastly horns.
You visited 1 branch of the dungeon, and saw 3 of its levels.

You collected 140 gold pieces.

Inventory:

Armour
 a - a +0 robe (worn)
Jewellery
 e - a ring of wizardry
Scrolls
 f - a scroll of magic mapping {unknown}
 g - a scroll of teleportation {unknown}
 h - a scroll of amnesia {unknown}
 j - 2 scrolls of identify {unknown}
 l - a scroll of fog {unknown}
 m - a scroll of fear {unknown}
Potions
 b - 3 potions of resistance {unknown}
 c - a potion of ambrosia {unknown}
 d - a potion of haste {unknown}
 i - a potion of curing {unknown}
 k - a potion of lignification {unknown}


   Skills:
 * Level 2.0 Fighting
 - Level 2.1 Dodging
 * Level 3.5 Unarmed Combat
 * Level 2.3 Spellcasting


You couldn't memorise any spells.
You knew the following spells:

 Your Spells              Type           Power      Damage    Failure   Level
a - Beastly Appendage     Tmut           16%        N/A       9%          1
b - Wereblood             Tmut           8%         N/A       14%         2
c - Spider Form           Tmut/Pois      4%         N/A       26%         3
d - Ice Form              Ice/Tmut       8%         N/A       65%         4
e - Blade Hands           Tmut           4%         N/A       94%         5
f - Corona                Hex            8%         N/A       9%          1
Your spell library was empty.

Dungeon Overview and Level Annotations

Branches:
Dungeon (3/15)

Altars:
Dithmenos


Innate Abilities, Weirdness & Mutations

You have temporarily grown beastly horns.
You are flying.
You are immune to poison.
Your flesh is very heat resistant. (rF++)
You are vulnerable to cold. (rC-)
You float through the air rather than walking.
You learn spells naturally, not from books.
Your magical power is your life essence.
You have superior vitality. (+4 HP)


Message History

Okay, then.
Casting: Beastly Appendage (safe; 9% risk of failure)
Confirm with . or Enter, or press ? or * to list all spells.
The spell is quite dangerous to cast (26% risk of failure)!
Continue anyway?
Okay, then.
There is a stone staircase leading up here.
You fly upwards.
There is a stone staircase leading down here.
You start resting.
You start resting.
You start resting.
You start resting.
HP restored.
You start waiting.
Done waiting.
Casting: Spider Form (quite dangerous; 26% risk of failure)
Confirm with . or Enter, or press ? or * to list all spells.
You grow a pair of large bovine horns.
You fly downwards.
There is a stone staircase leading up here.
Your transformation is almost over.
The white imp gestures at you. The puff of frost misses you.
You hit the white imp.
The white imp is moderately wounded.
The white imp gestures at you. The puff of frost hits you!
You feel a terrible chill!
You hit the white imp.
The white imp is heavily wounded.
The white imp completely misses you.
You hit the white imp but do no damage.
The white imp is heavily wounded.
The white imp gestures at you. The puff of frost hits you.
You feel a terrible chill!
You are too injured to fight recklessly!
You hit the white imp but do no damage.
The white imp is heavily wounded.
The white imp gestures at you. The puff of frost hits you!
You feel a terrible chill!
You die...

###### # #<@5.#
.5. ####.#
#..##########.#
#......5......#
#.#############


You could see a white imp.

Vanquished Creatures
  A white imp (D:2)
  A dart slug (D:1)
  2 bats
  3 giant cockroaches
  A goblin (D:2)
  6 hobgoblins
  4 jackals (D:2)
  2 oozes (D:1)
  A ball python (D:2)
  A frilled lizard (D:2)
  A kobold (D:2)
  4 rats (D:1)
27 creatures vanquished.

Notes
Turn   | Place    | Note
-------+----------+-------------------------------------------
     0 | D:1      | Zeld the Djinni Transmuter began the quest for the Orb.
     0 | D:1      | Reached XP level 1. HP: 17/17 MP: 0/0
   576 | D:1      | Reached XP level 2. HP: 20/22 MP: 0/0
  1420 | D:2      | Found a shadowy altar of Dithmenos.
  1827 | D:2      | Reached XP level 3. HP: 25/28 MP: 0/0
  1827 | D:2      | Learned a level 1 spell: Corona
  2964 | D:3      | Killed from afar by a white imp

Illustrated notes

Levels and vault maps discovered:
D:1:      grunt_arrival_lava_bath, layout_basic
D:2:      layout_basic, serial_curves, eino_curves_03, eino_curves_03,
          eino_curves_02, eino_curves_02, grunt_dithmenos_smoke_and_mirrors
D:3:      layout_basic, uniq_terence, uniq_natasha

Skill      XL: |  1  2  3 |
---------------+----------+-----
Spellcasting   | 2 |  2.3
Fighting       | 2 |  2.0
Dodging        | |  2.1
Unarmed Combat | |  3.5

Action                   || total
-------------------------++-------
Melee: Unarmed           ||    94
       Headbutt          ||    15
       Punch             ||     1
 Cast: Beastly Appendage ||    24
Armor: Robe              ||    18
Dodge: Dodged            ||    60

Table legend: (Time is in decaauts)
 A = Elapsed time spent in this place.
 B = Non-inter-level travel time spent in this place.
 C = Inter-level travel time spent in this place.
 D = Time resting spent in this place.
 E = Time spent auto-exploring this place.
 F = Levels seen in this place.
 G = Mean time per level.
                   A        B        C        D        E       F      G
               +--------+--------+--------+--------+--------+-----+--------+
         Total |   2959 |   2913 |     46 |    241 |   2439 |   3 |  986.3 |
       Dungeon |   2959 |   2913 |     46 |    241 |   2439 |   3 |  986.3 |
               +--------+--------+--------+--------+--------+-----+--------+

Top non-repeatable levels by time:
     D:2: 1851 daAuts
     D:1: 1071 daAuts
     D:3: 36 daAuts
